 Dungeon Crawl Stone Soup version 0.28-a0-514-g0d7ab7f379 (webtiles) character file.

Game seed: 8114358598106203269

1411 siradein the Bolt Thrower (level 8, 0/70 HPs)
             Began as a Minotaur Hunter on Sept 23, 2021.
             Was a Believer of Okawaru.
             Slain by a hound (5 damage)
             ... on level 5 of the Dungeon.
             The game lasted 00:25:21 (6282 turns).

siradein the Bolt Thrower (Minotaur Hunter)         Turns: 6282, Time: 00:25:22

Health: 0/70       AC:  6    Str: 17    XL:     8   Next: 43%
Magic:  8/8        EV: 12    Int:  8    God:    Okawaru [**....]
Gold:   250        SH:  0    Dex: 19    Spells: 7/7 levels left

rFire   . . .      SeeInvis +   k - +0 rapier
rCold   + . .      Faith    .   (no shield)
rNeg    . . .      Spirit   .   C - +0 ring mail {rC+}
rPois   .          Reflect  .   (helmet restricted)
rElec   .          Harm     .   (no cloak)
rCorr   .          Rampage  .   (no gloves)
Will    .....                   (no boots)
Stlth   +.........              (no amulet)
HPRegen 0.21/turn               v - ring of see invisible
MPRegen 0.11/turn               y - +6 ring of dexterity

@: no status effects
A: horns 2, retaliatory headbutt
a: Renounce Religion, Heroism


You were on level 5 of the Dungeon.
You worshipped Okawaru.
Okawaru was pleased with you.
You visited 2 branches of the dungeon, and saw 7 of its levels.
You also visited: Sewer.

You collected 250 gold pieces.

Inventory:

Hand Weapons
 a - a +1 hand crossbow
 f - a +0 hunting sling
 k - a +0 rapier (weapon)
 A - a +0 arbalest
Missiles
 d - 32 bolts
 g - 163 stones
 s - 4 boomerangs (quivered)
 x - 6 poisoned darts
 F - 17 sling bullets
Armour
 C - a +0 ring mail of cold resistance (worn)
Jewellery
 v - a ring of see invisible (left hand)
 y - a +6 ring of dexterity (right hand)
 G - a +6 ring of intelligence
Wands
 t - a wand of digging (4)
 z - a wand of flame (17)
Scrolls
 c - a scroll of fog
 e - 4 scrolls of identify {unknown}
 i - a scroll of immolation {unknown}
 r - a scroll of teleportation {unknown}
 u - 2 scrolls of enchant armour {unknown}
 B - a scroll of enchant weapon {unknown}
 D - a scroll of magic mapping {unknown}
 E - a scroll of fear {unknown}
Potions
 b - 3 potions of curing
 h - 5 potions of flight
 j - 3 potions of lignification {unknown}
 l - 3 potions of resistance {unknown}
 m - a potion of magic {unknown}
 n - a potion of brilliance {unknown}
 o - 3 potions of attraction {unknown}
 p - a potion of haste {unknown}
 q - a potion of invisibility {unknown}
 w - 2 potions of might {unknown}


   Skills:
 + Level 5.9 Fighting
 + Level 3.0 Short Blades
 + Level 4.4 Slings
 + Level 6.4 Crossbows
 + Level 4.9 Armour
 + Level 3.6 Dodging
 - Level 0.7 Stealth
 + Level 2.3 Invocations
 + Level 2.2 Evocations


You had 7 spell levels left.
You didn't know any spells.
Your spell library contained the following spells:

 Spells                   Type           Power      Damage    Failure   Level
 Foxfire                  Conj/Fire      0%         2x1d4     58%         1
 Sandblast                Erth           0%         2d4       58%         1
 Passwall                 Tmut/Erth      0%         N/A       75%         2
 Conjure Flame            Conj/Fire      0%         6-21      92%         3
 Inner Flame              Hex/Fire       0%         N/A       92%         3
 Stone Arrow              Conj/Erth      0%         3d7       92%         3
 Flame Wave               Conj/Fire      0%         3d3       100%        4


Dungeon Overview and Level Annotations

Branches:
Dungeon (6/15)             Temple (1/1) D:4           Sewer (visited)

Altars:
Ashenzari
Dithmenos
Fedhas
Gozag
Hepliaklqana
Kikubaaqudgha
Makhleb
Nemelex Xobeh
Okawaru
Qazlal
Sif Muna
Trog
Vehumet
Wu Jian
Yredelemnul
Zin
The Shining One

Annotations:
D:4 2 transporters, BigDaddyOpFi's ghost, amateur OpFi


Innate Abilities, Weirdness & Mutations

You have a pair of horns on your head.
You reflexively headbutt those who attack you in melee.


Message History

The steam dragon breathes steam at you. The ball of steam hits you!!
You shoot a bolt. The bolt hits the steam dragon!
You kill the steam dragon!
Okawaru accepts your kill.
A hound comes into view.
A centaur comes into view.
Your Short Blades skill increases to level 3!
f - a +0 hunting sling (weapon)
The hound barks!
The centaur shouts!
You shoot a stone. The stone hits the hound.
The hound is lightly wounded.
The centaur wields a +0 shortbow.
The centaur shoots an arrow.
The arrow hits you.
The centaur shoots an arrow.
The arrow hits you!
The centaur shoots an arrow.
The arrow barely misses you. The hound bites you but does no damage.
The centaur shoots an arrow.
The arrow hits you. The hound misses you.
The centaur shoots an arrow.
The arrow hits you!
* * * LOW HITPOINT WARNING * * *
The centaur shoots an arrow.
The arrow barely misses you.
The centaur shoots an arrow.
The arrow hits you!
* * * LOW HITPOINT WARNING * * *
The hound misses you.
There is a stone staircase leading up here.
The hound barely misses you. x2; You furiously retaliate!
You headbutt the hound!
You climb upwards.
There is a stone staircase leading down here.
k - a +0 rapier (weapon)
You hit the hound.
The hound is severely wounded.
The hound bites you but does no damage. x2
You barely miss the hound.
The hound is severely wounded.
The hound bites you.
* * * LOW HITPOINT WARNING * * *
The hound bites you but does no damage.
You closely miss the hound.
The hound is severely wounded.
The hound bites you.
You die...

####### #.....#
####### ###.....##
#.....# #.........
#.###.# #.#.....#.
#.###.###.........
#......##.........
#......##.........
#@................
#.h....##.#######.
#.....)##.# #.
#......##.#######.
#.........#.......
###########.......
#....... #.......
#######.


You could see a hound.

Vanquished Creatures
  A steam dragon (D:6)
  A black bear (D:4)
  An ice beast (D:5)
  A necrophage (D:5)
  3 ogres (D:5)
  A phantom (D:4)
  A kobold brigand (Sewer)
  3 scorpions
  A howler monkey (D:5)
  A jelly (D:5)
  2 hounds
  A bullfrog skeleton (D:4)
  3 iguanas
  A gnoll (D:2)
  10 adders
  A white imp (D:5)
  2 ufetubi (D:5)
  An adder zombie (D:4)
  A worm (D:5)
  2 dart slugs
  6 orcs
  4 endoplasms
  6 giant cockroaches
  8 goblins
  8 hobgoblins
  5 jackals
  4 quokkas
  9 ball pythons
  6 bats
  4 frilled lizards
  8 kobolds
  10 rats
116 creatures vanquished.

Vanquished Creatures (others)
  A human (D:3)
1 creature vanquished.

Grand Total: 117 creatures vanquished

Notes
Turn   | Place    | Note
-------+----------+-------------------------------------------
     0 | D:1      | siradein the Minotaur Hunter began the quest for the Orb.
     0 | D:1      | Reached XP level 1. HP: 18/18 MP: 0/0
   207 | D:1      | Found a faded altar of an unknown god.
   309 | D:1      | Reached skill level 1 in Armour
   318 | D:1      | Reached XP level 2. HP: 21/25 MP: 1/1
   779 | D:2      | Reached skill level 1 in Slings
   941 | D:2      | Reached XP level 3. HP: 17/31 MP: 2/2
  1181 | D:2      | Found a broken altar of Ashenzari.
  1925 | D:2      | Reached skill level 5 in Crossbows
  1925 | D:2      | Reached XP level 4. HP: 28/38 MP: 3/3
  3076 | D:3      | Reached XP level 5. HP: 46/46 MP: 4/4
  3179 | D:3      | Found an ancient bone altar of Kikubaaqudgha.
  3185 | D:3      | Noticed a human
  3186 | D:3      | Killed a human
  3420 | D:4      | Found a glowing drain.
  3422 | D:4      | Noticed a phantom
  3435 | D:4      | Killed a phantom
  3521 | Sewer    | Entered a sewer
  3615 | Sewer    | Reached XP level 6. HP: 51/53 MP: 5/5
  3642 | Sewer    | Found a white marble altar of Elyvilon.
  3968 | D:4      | Found a staircase to the Ecumenical Temple.
  3977 | Temple   | Entered the Ecumenical Temple
  4037 | Temple   | Became a worshipper of Warmaster Okawaru
  4137 | D:4      | Found a transporter.
  4176 | D:4      | Found a transporter.
  4239 | D:4      | Noticed BigDaddyOpFi's ghost (amateur OpFi)
  4441 | D:4      | Reached skill level 1 in Short Blades
  4446 | D:4      | Reached XP level 7. HP: 46/60 MP: 6/6
  4562 | D:4      | Reached skill level 5 in Fighting
  4562 | D:4      | Reached skill level 1 in Invocations
  5092 | D:5      | Entered Level 5 of the Dungeon
  5119 | D:5      | Reached skill level 1 in Evocations
  5149 | D:5      | Reached skill level 6 in Crossbows
  5227 | D:5      | Found a shimmering blue altar of Sif Muna.
  5228 | D:5      | Found an opulent altar of Gozag.
  5381 | D:5      | Reached * piety under Okawaru
  5439 | D:5      | Reached XP level 8. HP: 41/68 MP: 8/8
  6268 | D:6      | Reached ** piety under Okawaru
  6282 | D:5      | Slain by a hound

Illustrated notes

Levels and vault maps discovered:
D:1:      noname_arrival_rooms_in_the_neighbourhood, layout_loops_cross,
          ebering_ecumenical_altar_mist
D:2:      minmay_alternating_diamond, layout_basic, basic_altar,
          minmay_tetromino_l4
D:3:      layout_loops_ring, tgw_kikubaaqudgha
D:4:      layout_loops_corners, minmay_temple_entry_hall, gup_sewer_entry_glass,
          gammafunk_ghost_stat_death, corexii_corridor_pit,
          chequers_serial_rivers_large_a, minmay_hedge_maze,
          hangedman_minor_gate_pass
D:5:      layout_basic, gammafunk_temple_overflow_statue
D:6:      layout_basic, gammafunk_ghost_split
Temple:   zaba_magenta_temple

Skill      XL: |  1  2  3  4  5  6  7  8 |
---------------+-------------------------+-----
Armour         | 1 2 3 4 |  4.9
Fighting       | 3 4 5 |  5.9
Slings         | 1 2 3 4 |  4.4
Crossbows      | 5 6 |  6.4
Short Blades   | 1 2 3 |  3.0
Invocations    | 1 2 |  2.3
Evocations     | 1 2 |  2.2
Dodging        | 3 |  3.6
Stealth        | |  0.7

Action                   |  1- 3 |  4- 6 |  7- 9 || total
-------------------------+-------+-------+-------++-------
Melee: Short sword       |    55 |       |       ||    55
       Headbutt          |     6 |    19 |    10 ||    35
       Rapier            |    22 |    94 |    32 ||   148
 Fire: Hunting sling     |    25 |    71 |    42 ||   138
       Hand crossbow     |     4 |     5 |     5 ||    14
       Arbalest          |       |       |    19 ||    19
  Use: Scroll            |       |     1 |       ||     1
Armor: Leather armour    |    11 |       |       ||    11
       Ring mail         |    21 |    51 |    19 ||    91
Dodge: Dodged            |    63 |    70 |    32 ||   165

Table legend: (Time is in decaauts)
 A = Elapsed time spent in this place.
 B = Non-inter-level travel time spent in this place.
 C = Inter-level travel time spent in this place.
 D = Time resting spent in this place.
 E = Time spent auto-exploring this place.
 F = Levels seen in this place.
 G = Mean time per level.
                   A        B        C        D        E       F      G
               +--------+--------+--------+--------+--------+-----+--------+
         Total |   6356 |   6251 |    105 |    424 |   4308 |   8 |  794.5 |
       Dungeon |   6086 |   5981 |    105 |    421 |   4131 |   6 | 1014.3 |
        Temple |     77 |     77 |      0 |      0 |     50 |   1 |   77.0 |
         Sewer |    192 |    192 |      0 |      3 |    126 |   1 |  192.0 |
               +--------+--------+--------+--------+--------+-----+--------+

Top non-repeatable levels by time:
     D:2: 1666 daAuts
     D:4: 1588 daAuts
     D:5: 1164 daAuts
     D:3: 877 daAuts
     D:1: 758 daAuts
   Sewer: 192 daAuts
  Temple: 77 daAuts
     D:6: 30 daAuts
